 Dungeon Crawl Stone Soup version 0.23.2-1-ga50397a (webtiles) character file.

Game seed: 3922355034388019435

5278 KleinerIrrer the Zephyrmancer (level 10, -12/50 HPs)
             Began as a Tengu Air Elementalist on Apr 30, 2019.
             Was a Priest of Vehumet.
             Killed from afar by a gargoyle (24 damage)
             ... with a stone arrow
             ... on level 11 of the Dungeon.
             The game lasted 00:39:47 (12907 turns).

KleinerIrrer the Zephyrmancer (TeAE)               Turns: 12907, Time: 00:39:49

Health: -12/50     AC:  6    Str:  8    XL:     10   Next: 63%
Magic:  1/25       EV: 12    Int: 18    God:    Vehumet [***...]
Gold:   740        SH:  0    Dex: 18    Spells: 17/29 levels left

rFire    + . .     SeeInvis .   z - +4 quarterstaff (chaos)
rCold    . . .     Gourm    .   (shield currently unavailable)
rNeg     + . .     Faith    .   n - +0 leather armour
rPois    .         Spirit   .   (helmet restricted)
rElec    .         Reflect  .   s - +2 cloak
rCorr    .         Harm     .   (no gloves)
MR       +....                  (boots unavailable)
Stlth    ++........             K - amulet of Biemiogu {Acrobat +Fly rF+ Dex+2}
HPRegen  0.16/turn              G - ring of positive energy
MPRegen  0.19/turn              I - ring of protection from magic

@: no status effects
A: beak, talons 3, able to fly
a: Fly, Renounce Religion, Evoke Flight


You were on level 11 of the Dungeon.
You worshipped Vehumet.
Vehumet was most pleased with you.
You were not hungry.

You visited 1 branch of the dungeon, and saw 11 of its levels.

You collected 796 gold pieces.
You spent 56 gold pieces at shops.

Inventory:

Hand Weapons
 d - a +2 hand axe of freezing
 q - a +0 dagger of venom
 z - a +4 quarterstaff of chaos (weapon)
 B - a +1 whip of electrocution
Missiles
 k - 5 tomahawks of returning (quivered)
 v - 2 javelins
Armour
 b - a +0 buckler
 n - a +0 leather armour (worn)
 s - a +2 cloak (worn)
Magical Staves
 N - an uncursed staff of energy
Jewellery
 j - a +1 ring of slaying
 r - an uncursed ring of protection from fire
 G - a ring of positive energy (left hand)
 I - a ring of protection from magic (right hand)
 K - the amulet of Biemiogu (around neck) {Acrobat +Fly rF+ Dex+2}
   (You found it on level 8 of the Dungeon)

   [amulet of the acrobat]

   It helps you evade while moving and waiting.
   It affects your dexterity (+2).
   It protects you from fire.
   It lets you fly.
Wands
 u - a wand of digging (6)
 E - a wand of iceblast (17)
 O - a wand of acid (7)
Scrolls
 a - a scroll of remove curse
 g - a scroll of blinking
 l - 3 scrolls of immolation {unknown}
 m - a scroll of amnesia {unknown}
 o - a scroll of fog
 p - a scroll of noise {unknown}
 w - a scroll of random uselessness {unknown}
 x - 5 scrolls of teleportation {unknown}
 y - 3 scrolls of enchant weapon {unknown}
 A - a scroll of enchant armour
 F - a scroll of fear {unknown}
Potions
 e - 3 potions of agility
 f - a potion of might
 h - 4 potions of heal wounds
 i - 2 potions of brilliance
 t - 2 potions of invisibility
 C - 2 potions of resistance
 D - a potion of lignification
 H - 5 potions of curing
 L - a potion of magic
 M - a potion of cancellation {unknown}
Comestibles
 c - 13 rations
 J - 2 chunks of flesh


   Skills:
 - Level 2.1 Dodging
 - Level 2.0 Stealth
 + Level 10.3 Spellcasting
 - Level 1.3 Conjurations
 - Level 0.1 Charms
 + Level 14.0 Air Magic


You had 17 spell levels left.
You knew the following spells:

 Your Spells              Type           Power        Failure   Level  Hunger
a - Shock                 Conj/Air       ####         1%          1    None
b - Swiftness             Chrm/Air       ####....     1%          2    None
c - Airstrike             Air            ######....   1%          4    ###....
d - Lightning Bolt        Conj/Air       #####.....   3%          5    #####..

Your spell library contained the following spells:

 Spells                   Type           Power        Failure   Level  Hunger
 Searing Ray              Conj           ##....       2%          2    None
 Static Discharge         Conj/Air       #####...     1%          3    None
 Freeze                   Ice            #...         3%          1    None
 Throw Frost              Conj/Ice       ##....       3%          2    None
 Throw Icicle             Conj/Ice       ##......     21%         4    ###....
 Ozocubu's Armour         Chrm/Ice       #.......     32%         3    None
 Summon Ice Beast         Ice/Summ       #.......     73%         4    ###....


Dungeon Overview and Level Annotations

Branches:
Dungeon (11/15)            Temple (0/1) D:4            Lair (0/6) D:9
    Orc: D:9-12

Altars:
Ashenzari
Cheibriados
Dithmenos
Fedhas
Hepliaklqana
Kikubaaqudgha
Okawaru
Ru
Sif Muna
Trog
Uskayaw
Vehumet
Yredelemnul

Shops:
D:10 *


Innate Abilities, Weirdness & Mutations

You have a beak for a mouth.
You have claws for feet.
You can fly continuously.


Message History

Casting: Airstrike (safe; 1% risk of failure)
Confirm with . or Enter, or press ? or * to list all spells.
Aiming: Airstrike (safe; 1% risk of failure)
Press: ? - help, Dir - move target cursor, f/p - gargoyle
Aim: a gargoyle, wielding a +0 mace (moderately damaged)
The air twists around and violently strikes the gargoyle!
The gargoyle is severely damaged.
The gargoyle hurls a stone arrow at you.
The stone arrow hits you!!
* * * LOW HITPOINT WARNING * * *
Casting: Airstrike (safe; 1% risk of failure)
Confirm with . or Enter, or press ? or * to list all spells.
Aiming: Airstrike (safe; 1% risk of failure)
Press: ? - help, Dir - move target cursor, f/p - gargoyle
Aim: a gargoyle, wielding a +0 mace (severely damaged)
The air twists around and violently strikes the gargoyle.
The gargoyle is severely damaged.
The gargoyle hurls a stone arrow at you.
The stone arrow hits you!!
You die...

### ..
#.......### #.#
#. ##.....## #.#
#.## #.....# #.#
#.###.....# #.#
#..##..##..# #
#<#
#.))..#####..#
###.#####..#..#
#..
#....##..9.#..#
.#
####.@.##.[...#
## #
#.....######)..#
##..# #####.#
##...###...# #.#
#.........# ###
....#......
.....##....
.###..#.... ##
...#... #......


You could see a gargoyle.

Vanquished Creatures
  2 centaur skeletons
  The ghost of ThereIsNoGod the Insei, a novice OpFi of Okawaru (D:4)
  A troll (D:10)
  A hippogriff (D:7)
  Eustachio (D:5)
  Sigmund (D:4)
  3 porcupines (D:9)
  3 ice beasts
  An orc warrior (D:9)
  3 sky beasts
  A black bear (D:8)
  2 phantoms
  3 ogres
  A centaur (D:10)
  Blork the orc (D:6)
  A big kobold (D:11)
  A gnoll sergeant (D:8)
  6 bullfrogs
  A water moccasin skeleton (D:6)
  4 scorpions
  4 wights (D:11)
  A howler monkey (D:5)
  2 crimson imps (D:6)
  2 quasits (D:7)
  A bullfrog skeleton (D:4)
  2 jellies
  Crazy Yiuf (D:5)
  A bullfrog zombie (D:10)
  4 hounds
  3 orc priests
  10 orc wizards
  Terence (D:3)
  A hell rat (D:9)
  2 iguanas (D:10)
  5 worker ants
  A hound skeleton (D:5)
  A worker ant zombie (D:10)
  A howler monkey skeleton (D:4)
  17 gnolls
  2 river rats (D:9)
  11 adders
  2 shadow imps (D:7)
  An adder skeleton (D:7)
  2 worms (D:2)
  4 leopard geckos
  24 orcs
  A ball python (D:3)
  5 bat skeletons (D:8)
  2 bat zombies (D:8)
  3 giant cockroaches
  9 hobgoblins
  13 jackals
  11 kobolds
  7 quokkas
  6 bats
  3 frilled lizards
  2 goblins
  7 rats
  2 fungi (D:5)
215 creatures vanquished.

Vanquished Creatures (others)
  4 toadstools (D:4)
4 creatures vanquished.

Grand Total: 219 creatures vanquished

Notes
Turn   | Place    | Note
-------+----------+-------------------------------------------
     0 | D:1      | KleinerIrrer the Tengu Air Elementalist began the quest for
                  | the Orb.
     0 | D:1      | Reached XP level 1. HP: 10/10 MP: 4/4
   465 | D:1      | Reached XP level 2. HP: 15/15 MP: 1/6
   899 | D:2      | Found a radiant altar of Vehumet.
  1159 | D:2      | Reached skill level 5 in Air Magic
  1215 | D:2      | Reached XP level 3. HP: 19/19 MP: 4/7
  1360 | D:2      | You fall through a shaft!
  1690 | D:2      | Reached XP level 4. HP: 22/24 MP: 4/9
  1696 | D:2      | Learned a level 4 spell: Airstrike
  1741 | D:2      | Found a hazy altar of Hepliaklqana.
  1843 | D:2      | Became a worshipper of Vehumet
  2145 | D:3      | Found an iron altar of Okawaru.
  2340 | D:3      | Reached skill level 6 in Air Magic
  2384 | D:2      | Gained mutation: You can fly continuously. [Tengu growth]
  2384 | D:2      | Reached XP level 5. HP: 16/28 MP: 2/10
  2639 | D:3      | Learned a level 2 spell: Swiftness
  2817 | D:3      | Noticed Terence
  3342 | D:4      | Noticed Sigmund
  3485 | D:4      | Killed Sigmund
  3485 | D:4      | Reached skill level 7 in Air Magic
  3485 | D:4      | Reached XP level 6. HP: 30/32 MP: 0/13
  3784 | D:4      | Found a staircase to the Ecumenical Temple.
  3880 | D:4      | Found a sacrificial altar of Ru.
  4012 | D:4      | Reached XP level 7. HP: 24/36 MP: 6/15
  4166 | D:4      | Found a bloodstained altar of Trog.
  4300 | D:4      | Found a runed translucent door.
  4411 | D:4      | Noticed ThereIsNoGod's ghost (novice OpFi)
  4434 | D:4      | Killed ThereIsNoGod's ghost
  4434 | D:4      | Reached skill level 5 in Spellcasting
  4434 | D:4      | Reached skill level 8 in Air Magic
  4539 | D:3      | Killed Terence
  4588 | D:4      | Reached skill level 9 in Air Magic
  4588 | D:4      | Reached XP level 8. HP: 41/41 MP: 7/18
  4889 | D:5      | Entered Level 5 of the Dungeon
  5261 | D:5      | Reached * piety under Vehumet
  5261 | D:5      | Offered knowledge of Sandblast by Vehumet.
  5507 | D:5      | Noticed Eustachio
  5960 | D:5      | Reached skill level 10 in Air Magic
  5961 | D:5      | Killed Eustachio
  6261 | D:5      | Found a runed translucent door.
  6262 | D:5      | Noticed Crazy Yiuf
  6288 | D:5      | Killed Crazy Yiuf
  6381 | D:6      | Found a deep blue altar of Sif Muna.
  6431 | D:6      | Reached XP level 9. HP: 45/45 MP: 7/21
  6444 | D:6      | Noticed Blork the orc
  6565 | D:6      | Reached skill level 11 in Air Magic
  6900 | D:6      | Killed Blork the orc
  7320 | D:6      | Found a snail-covered altar of Cheibriados.
  7331 | D:6      | Found a shadowy altar of Dithmenos.
  7726 | D:7      | Reached skill level 12 in Air Magic
  8010 | D:7      | Reached ** piety under Vehumet
  8018 | D:7      | Found a basalt altar of Yredelemnul.
  8306 | D:8      | Offered knowledge of Throw Frost by Vehumet.
  8579 | D:8      | Got a faintly glowing iron amulet
  8967 | D:8      | Found a shattered altar of Ashenzari.
  9165 | D:8      | Found an ancient bone altar of Kikubaaqudgha.
  9493 | D:9      | Offered knowledge of Searing Ray by Vehumet.
  9511 | D:9      | Found a blossoming altar of Fedhas.
  9569 | D:9      | Reached XP level 10. HP: 50/50 MP: 19/24
  9671 | D:9      | Found a hide-covered altar of Uskayaw.
 10302 | D:9      | Noticed a death yak
 10310 | D:9      | Noticed a death yak
 10312 | D:9      | Found a staircase to the Lair.
 10315 | D:9      | Noticed a death yak
 10553 | D:9      | Reached skill level 13 in Air Magic
 10559 | D:9      | Found a snail-covered altar of Cheibriados.
 11032 | D:9      | Learned a level 5 spell: Lightning Bolt
 11079 | D:10     | Entered Level 10 of the Dungeon
 11504 | D:10     | Found Bocha's General Store.
 11507 | D:10     | Reached *** piety under Vehumet
 11516 | D:10     | Bought a potion of agility for 56 gold pieces
 11516 | D:10     | Identified the amulet of Biemiogu {Acrobat +Fly rF+ Dex+2}
                  | (You found it on level 8 of the Dungeon)
 11808 | D:10     | Reached skill level 10 in Spellcasting
 12223 | D:11     | Noticed a two-headed ogre
 12824 | D:11     | Reached skill level 14 in Air Magic
 12888 | D:11     | Noticed a gargoyle
 12907 | D:11     | Killed from afar by a gargoyle

Skill      XL: |  1  2  3  4  5  6  7  8  9 10 |
---------------+-------------------------------+-----
Air Magic      | 5 6 7 9 10 12 14 | 14.0
Spellcasting   | 3 4 6 7 9 10 | 10.3
Dodging        | |  2.1
Stealth        | |  2.0
Conjurations   | |  1.3
Charms         | |  0.1

Action                   |  1- 3 |  4- 6 |  7- 9 | 10-12 || total
-------------------------+-------+-------+-------+-------++-------
Melee: Club              |     5 |       |       |       ||     5
       Kick              |     1 |       |     8 |     1 ||    10
       Hand axe          |    12 |     3 |    17 |       ||    32
       Peck              |     1 |       |     3 |       ||     4
       Quarterstaff      |       |       |     4 |     3 ||     7
 Cast: Shock             |    58 |    76 |   162 |    40 ||   336
       Airstrike         |       |    13 |    97 |    92 ||   202
       Swiftness         |       |     2 |     4 |     3 ||     9
Evoke: Wand              |       |       |       |     1 ||     1
  Use: Scroll            |       |     8 |     4 |     6 ||    18
 Stab: Sleeping          |     2 |       |     2 |       ||     4
  Eat: Chunk             |     3 |     7 |    22 |    10 ||    42
       Ration            |       |     1 |     2 |     2 ||     5
Armor: Robe              |     4 |     4 |     5 |       ||    13
       Leather armour    |       |       |    10 |     9 ||    19
Dodge: Dodged            |    12 |    14 |    27 |    31 ||    84
